 Dungeon Crawl Stone Soup version 0.17.1-1-g73c8601 (webtiles) character file.

3966 Laerick the Covert (level 10, -2/79 HPs)
             Began as a Vampire Monk on Dec 29, 2015.
             Was a Priest of Dithmenos.
             Slain by an orc knight
             ... wielding a +0 war axe
              (12 damage)
             ... in a bailey on Dec 30, 2015.
             The game lasted 01:33:44 (9656 turns).

Laerick the Covert (Vampire Monk)                   Turns: 9656, Time: 01:33:44

Health: -2/79      AC:  7    Str: 10    XL:     10   Next: 2%
Magic:  9/9        EV: 21    Int: 13    God:    Dithmenos [***...]
Gold:   231        SH:  0    Dex: 18    Spells: 2 memorised, 6 levels left

rFire  x . .     SeeInvis +       - Unarmed
rCold  + + +     Clarity  .     a - +1 robe
rNeg   . . .     SustAt   .     (no shield)
rPois  .         Gourm    .     (helmet restricted)
rElec  +         Spirit   .     y - +2 cloak
rCorr  .         Warding  .     i - +0 pair of gloves
rMut   .         Stasis   .     (no boots)
MR     .....                    r - amulet of faith
Stlth  ++++++++..               p - ring "Jyott" {Ice +Fly rElec MR-}
                                h - +3 ring of evasion

@: flying (expiring), regenerating quickly, wreathed by umbra, not resistant to
hostile enchantments, extraordinarily stealthy
A: fangs 3, horns 1, talons 1, see invisible, cold resistance 2, low mp 1,
screaming 1, weak 1, unbreathing
a: Shadow Step, Renounce Religion, Stop Flying


You were in a bailey.
You worshipped Dithmenos.
Dithmenos was most pleased with you.
You were full.

You visited 2 branches of the dungeon, and saw 10 of its levels.
You also visited: Sewer and Bailey.

You collected 503 gold pieces.
You spent 272 gold pieces at shops.

Inventory:

Armour
 a - a +1 robe (worn)
 f - a +0 pair of boots
 i - a +0 pair of gloves (worn)
 y - a +2 cloak (worn)
Jewellery
 h - a +3 ring of evasion (left hand)
 p - the ring "Jyott" (right hand) {Ice +Fly rElec MR-}
   (You found it on level 6 of the Dungeon)

   [ring of ice]

   It enhances your ice magic, and weakens your fire magic.
   It makes you vulnerable to fire.
   It protects you from cold.
   It insulates you from electricity.
   It affects your resistance to hostile enchantments.
   It lets you fly.
 r - an amulet of faith (around neck)
Wands
 d - a wand of enslavement (10)
 j - a wand of frost (25)
 w - a wand of cold (4)
 z - a wand of paralysis (8)
 A - a wand of magic darts (16)
Scrolls
 e - 2 scrolls of fear
 g - 3 scrolls of identify
 k - 4 scrolls of teleportation
 n - 2 scrolls of remove curse
 s - a scroll of amnesia
 t - a scroll of brand weapon
 D - a scroll of fog
 H - a scroll of enchant armour
Potions
 b - 6 potions of blood
 c - 3 potions of agility
 m - a potion of cancellation
 o - 3 potions of flight
 q - a potion of brilliance
 u - 2 potions of haste
 x - a potion of heal wounds
 G - a potion of curing
Books
 l - a Necronomicon

   Spells                             Type                      Level
   a - Haunt                          Necromancy/Summoning         7
   b - Borgnjor's Revivification      Necromancy                   8
   c - Death's Door                   Charms/Necromancy            8
   d - Necromutation                  Transmutation/Necromancy     8
 C - a book of Frost

   Spells                             Type                      Level
   a - Freeze                         Ice                          1
   b - Throw Frost                    Conjuration/Ice              2
   c - Ozocubu's Armour               Charms/Ice                   3
   d - Throw Icicle                   Conjuration/Ice              4
   e - Summon Ice Beast               Ice/Summoning                4
   f - Condensation Shield            Ice                          4


   Skills:
 * Level 7.0 Fighting
 * Level 8.4 Dodging
 * Level 11.2 Stealth
 * Level 9.0 Unarmed Combat
   Level 1.6 Necromancy
 + Level 2.0 Ice Magic


You had 6 spell levels left.
You knew the following spells:

 Your Spells              Type           Power        Failure   Level  Hunger
a - Throw Frost           Conj/Ice       #.....       30%         2    ###....
b - Freeze                Ice            #...         14%         1    ##.....


Dungeon Overview and Level Annotations

Branches:
Dungeon (9/15)             Temple (1/1) D:6
   Lair: D:8-11         Orc: D:9-12

Altars:
Cheibriados
Dithmenos
Elyvilon
Fedhas
Gozag
Kikubaaqudgha
Makhleb
Nemelex Xobeh
Okawaru
Qazlal
Ru
Sif Muna
Trog
Vehumet
Xom
Zin
The Shining One

Shops:
D:9 ?


Innate Abilities, Weirdness & Mutations

Your natural rate of healing is unusually fast.
You have razor-sharp teeth.
You have supernaturally acute eyesight.
You can survive without breathing.
You have a pair of small horns on your head.
You have sharp toenails.
Your flesh is very cold resistant.
Your magical capacity is low (-10% MP).
You occasionally shout uncontrollably at your foes.
You are weak. (Str -2)


Message History

The orc warrior goes into a battle-frenzy!
Things that are here:
a war axe; a leather armour; a gnoll corpse
There is an open door, spattered with blood here.
Items here: ))))) [[[[[ ÷ †
Items here: )))) [[[[ †††† You are starting to lose your buoyancy.
You hit the orc knight.
You claw the orc knight, but do no damage.
You bite the orc knight.
The orc knight is lightly wounded.
You completely miss the orc knight.
You headbutt the orc knight, but do no damage.
Your bite misses the orc knight.
The orc knight is lightly wounded.
The orc knight hits you with a war axe!!
* * * LOW HITPOINT WARNING * * *
The orc knight roars a battlecry!
You reach down and open the gate.
The orc knight hits you with a war axe!
You die...

,,,,,,.....* ,,,,,,,....*
*,,,,,,,..### ♣♣♣♣♣
***,,,,,#+#.### ♣.♣.♣♣
,,***,###.....###♣♣♣....♣♣
,,,,*##.........##.......♣
,,,,,#...........#.......♣
,,,,,#..)).......'.......♣
,,,,,#..).)⌠...o@'..∩.∩..♣
,,,,,#.)......g..'.......♣♣
,,,,,#......g.o..#........♣
,,,,###.)..g....##......♣♣♣
,,###.###.)...###♣♣♣.....♣
###.....#)#.### ♣♣.♣.♣♣
#...)))...### ♣♣♣♣♣
....g......# ..)........#


You could see 2 orc knights, 2 gnolls and a hobgoblin.

Vanquished Creatures
  Joseph (D:8)
  Grinder (D:4)
  Sigmund (D:5)
  A hippogriff (D:8)
  The ghost of Glider the Insei, an amateur OpTm of Ashenzari (D:3)
  A water moccasin (D:7)
  An ice beast (D:6)
  3 sky beasts
  4 ogres
  A centaur (D:8)
  2 orc warriors (D:6)
  A giant frog (D:9)
  8 big kobolds
  A gnoll sergeant (D:8)
  2 scorpions
  4 wights (D:8)
  3 killer bees (D:7)
  Crazy Yiuf (D:5)
  2 centaur skeletons
  2 hounds
  A jelly (D:9)
  An orc priest (D:6)
  4 iguanas
  2 orc wizards
  6 worker ants
  A hound zombie (D:6)
  A worker ant zombie (D:8)
  Robin (D:2)
  12 adders
  12 gnolls
  A shadow imp (D:5)
  An ooze (D:2)
  A worm (D:3)
  4 giant geckos
  20 orcs
  2 ball pythons (Sewer)
  10 bats
  10 giant cockroaches
  14 hobgoblins
  14 jackals
  18 kobolds
  5 quokkas
  A giant gecko zombie (D:5)
  2 giant newts
  19 goblins
  A jackal skeleton (D:8)
  A quokka zombie (D:6)
  7 rats
213 creatures vanquished.

Notes
Turn   | Place    | Note
--------------------------------------------------------------
     0 | D:1      | Laerick the Vampire Monk began the quest for the Orb.
     0 | D:1      | Reached XP level 1. HP: 17/17 MP: 1/1
   143 | D:1      | You fall through a shaft!
   259 | D:2      | Noticed Robin
   263 | D:2      | Reached XP level 2. HP: 23/23 MP: 2/2
   286 | D:2      | Killed Robin
   313 | D:2      | Reached XP level 3. HP: 8/28 MP: 3/3
   553 | D:2      | Gained mutation: You are weak. (Str -2) [potion of mutation]
   553 | D:2      | Gained mutation: You occasionally shout uncontrollably at your foes. [potion of mutation]
   553 | D:2      | Gained mutation: You have a pair of small horns on your head. [potion of mutation]
  1108 | D:2      | Found a blossoming altar of Fedhas.
  1400 | D:1      | Reached XP level 4. HP: 30/35 MP: 4/4
  1805 | D:1      | Reached skill level 5 in Unarmed Combat
  2070 | D:3      | Noticed Glider's ghost (amateur OpTm)
  2741 | D:3      | Killed Glider's ghost
  2741 | D:3      | Reached skill level 5 in Stealth
  2741 | D:3      | Reached XP level 5. HP: 15/41 MP: 5/5
  3334 | D:4      | Got a fine helmet
  3379 | D:4      | Reached XP level 6. HP: 35/48 MP: 6/6
  3462 | D:4      | Found a glowing drain.
  3488 | Sewer    | Entered a sewer
  3581 | Sewer    | Reached skill level 5 in Dodging
  3581 | Sewer    | Reached skill level 6 in Stealth
  3811 | Sewer    | Reached XP level 7. HP: 54/54 MP: 7/7
  4069 | Sewer    | Reached skill level 7 in Stealth
  4191 | D:4      | Noticed an ogre
  4197 | D:4      | Killed an ogre
  4474 | D:5      | Entered Level 5 of the Dungeon
  4487 | D:5      | Noticed Grinder
  4525 | D:5      | Paralysed by Grinder for 2 turns
  4533 | D:5      | Paralysed by Grinder for 6 turns
  4545 | D:5      | Paralysed by Grinder for 6 turns
  4553 | D:4      | Paralysed by Grinder for 6 turns
  4866 | D:4      | Killed Grinder
  4866 | D:4      | Reached skill level 5 in Fighting
  4866 | D:4      | Reached skill level 8 in Stealth
  4866 | D:4      | Reached XP level 8. HP: 36/62 MP: 8/8
  5247 | D:5      | Noticed Sigmund
  5271 | D:5      | Killed Sigmund
  5696 | D:5      | Noticed Crazy Yiuf
  5705 | D:5      | Paralysed by Crazy Yiuf for 4 turns
  5713 | D:5      | Killed Crazy Yiuf
  6111 | D:6      | Learned a level 7 spell: Haunt
  6128 | D:6      | Reached skill level 9 in Stealth
  6319 | D:6      | Found a staircase to the Ecumenical Temple.
  6682 | D:6      | Got a wavering lapis lazuli ring
  6763 | D:6      | Reached skill level 1 in Necromancy
  6771 | D:6      | Reached XP level 9. HP: 43/69 MP: 9/9
  7025 | Temple   | Entered the Ecumenical Temple
  7070 | Temple   | Became a worshipper of Dithmenos the Shadowed
  7070 | Temple   | Reached * piety under Dithmenos
  7070 | Temple   | Reached ** piety under Dithmenos
  7111 | D:7      | Identified the ring "Jyott" {Ice +Fly rElec MR-} (You found it on level 6 of the Dungeon)
  7432 | D:7      | Reached skill level 10 in Stealth
  7459 | D:7      | Learned a level 1 spell: Freeze
  8358 | D:8      | Reached skill level 1 in Ice Magic
  8460 | D:8      | Noticed Joseph
  8476 | D:8      | Killed Joseph
  8547 | D:8      | Reached skill level 11 in Stealth
  8962 | D:8      | Reached *** piety under Dithmenos
  9025 | D:8      | Gained mutation: Your flesh is cold resistant. [potion of mutation]
  9025 | D:8      | Gained mutation: Your magical capacity is low (-10% MP). [potion of mutation]
  9278 | D:9      | Found Beuxuwit's Magic Scroll Shop.
  9298 | D:9      | Gained mutation: You have sharp toenails. [potion of beneficial mutation]
  9299 | D:9      | Gained mutation: Your flesh is very cold resistant. [potion of beneficial mutation]
  9303 | D:9      | Bought a scroll of identify for 32 gold pieces
  9303 | D:9      | Bought a scroll of identify for 32 gold pieces
  9303 | D:9      | Bought a scroll of identify for 32 gold pieces
  9303 | D:9      | Bought a scroll of amnesia for 56 gold pieces
  9303 | D:9      | Bought a scroll of enchant armour for 120 gold pieces
  9320 | D:9      | Learned a level 2 spell: Throw Frost
  9340 | D:9      | Reached XP level 10. HP: 77/77 MP: 9/9
  9363 | D:9      | Found a flagged portal.
  9386 | Bailey   | Entered a bailey
  9618 | Bailey   | Noticed an orc knight
  9619 | Bailey   | Noticed an orc knight
  9656 | Bailey   | Slain by an orc knight

Action                   |  1- 3 |  4- 6 |  7- 9 | 10-12 || total
-------------------------+-------+-------+-------+-------++-------
Melee: Unarmed           |   140 |   353 |   530 |    68 ||  1091
 Cast: Freeze            |       |       |     6 |       ||     6
 Abil: End Transformatio |       |     1 |     2 |       ||     3
       Bat Form          |       |     1 |     2 |       ||     3
       Evoke Flight      |       |       |       |     1 ||     1
Evoke: Wand              |     1 |     2 |     2 |       ||     5
  Use: Scroll            |     6 |     3 |    14 |     1 ||    24
       Potion            |     3 |     6 |    15 |       ||    24
 Stab: Sleeping          |     3 |     8 |    18 |     3 ||    32
       Distracted        |       |       |     1 |     1 ||     2
  Eat: Corpse            |     6 |     8 |    19 |     3 ||    36
